 Dungeon Crawl Stone Soup version 0.30.1-11-g7821555f0a (webtiles) character file.

Game seed: 7663464119743546195

63 lonewolfV2 the Trooper (level 4, -1/38 HPs)
             Began as a Formicid Fighter on Dec 4, 2023.
             Slain by a gnoll
             ... wielding a +0 whip
              (5 damage)
             ... on level 2 of the Dungeon.
             The game lasted 00:01:24 (785 turns).

lonewolfV2 the Trooper (Formicid Fighter)            Turns: 785, Time: 00:01:25

Health: -1/38      AC:  6    Str: 20    XL:     4   Next: 31%
Magic:  4/4        EV:  9    Int:  8    God:
Gold:   54         SH:  8    Dex: 15    Spells: 3/3 levels left

rFire   . . .        a - +0 war axe
rCold   . . .        e - +3 buckler
rNeg    . . .        b - +0 scale mail
rPois   .            (helmet unavailable)
rElec   .            (no cloak)
rCorr   .            (no gloves)
SInv    +            (no boots)
Will    .....        (no amulet) Stlth
                     (no ring)
HPRegen 0.26/turn    (no ring)
MPRegen 0.09/turn

%: no passive effects
@: no status effects
A: permanent stasis, dig shafts and tunnels, antennae 3, four strong arms
a: Dig, Shaft Self


You were on level 2 of the Dungeon.
You visited 1 branch of the dungeon, and saw 2 of its levels.

You collected 54 gold pieces.

Inventory:

Hand Weapons
 a - a +0 war axe (weapon)
Armour
 b - a +0 scale mail (worn)
 c - a +0 buckler
 e - a +3 buckler (worn)
Potions
 d - a potion of might
 f - a potion of flight


   Skills:
 + Level 4.4 Fighting
 + Level 3.3 Axes
 - Level 3.2 Armour
 - Level 4.0 Shields


You had 3 spell levels left.
You didn't know any spells.
Your spell library contained the following spells:

 Spells                   Type           Power      Damage    Failure   Level
 Dazzling Flash           Conj/Hex       0%         N/A       99%         3
 Volatile Blastmotes      Fire/Tloc      0%         2d10      99%         3
 Iskenderun's Mystic Bla  Conj/Tloc      0%         2d3       100%        4
 Starburst                Conj/Fire      0%         6d3       100%        6


Dungeon Overview and Level Annotations

Branches:
Dungeon (2/15)

Altars:


Innate Abilities, Weirdness & Mutations

You cannot be hasted, slowed, berserked, paralysed or teleported.
You can dig through walls and to a lower floor.
You have a pair of large antennae on your head. (SInv)
Your four strong arms can wield two-handed weapons with a shield.


Message History

You see here a staff of cold.
You see here a +0 dagger.
You barely miss the gnoll. The gnoll barely misses you.
You block the gnoll's attack.
You closely miss the gnoll. The gnoll hits you but does no damage.
The gnoll closely misses you.
You hit the gnoll.
The gnoll is moderately wounded.
You block the gnoll's attack. The gnoll hits you but does no damage.
You slash the gnoll!
You kill the gnoll!
The gnoll throws a throwing net.
The throwing net barely misses you. The gnoll hits you but does no damage.
The gnoll hits you from afar with a +0 spear.
You have reached level 4!
You feel clever.
You hit the gnoll.
You kill the gnoll!
The gnoll hits you but does no damage.
You closely miss the gnoll. You block the gnoll's attack.
The gnoll hits you but does no damage. The gnoll barely misses you. x2
You hit the gnoll.
The gnoll is moderately wounded.
The gnoll hits you from afar with a +0 spear.
The gnoll hits you with a +0 whip.
* * * LOW HITPOINT WARNING * * *
Unknown command.
You barely miss the gnoll.
The gnoll is moderately wounded.
The gnoll hits you from afar with a +0 spear.
* * * LOW HITPOINT WARNING * * *
The gnoll hits you with a +0 whip.
* * * LOW HITPOINT WARNING * * *
You closely miss the gnoll.
The gnoll is moderately wounded.
The gnoll hits you with a +0 whip.
* * * LOW HITPOINT WARNING * * *
The gnoll hits you but does no damage. The gnoll closely misses you.
The gnoll hits you with a +0 whip.
You die...

........## ..##
..........{ ######.".
........# #......#
........# #......#
........# +......# {
........# #.g.?..#
........# ##......#
.......#####..g##########
####..........gg@|>......
#########.############
#..# #..## #..# #.# .. ..


You could see 2 gnolls and a goblin.

Vanquished Creatures
  3 gnolls
  A dart slug (D:1)
  3 ball pythons
  A bat (D:1)
  5 endoplasms
  2 giant cockroaches (D:1)
  3 goblins (D:1)
  4 hobgoblins
  2 quokkas (D:1)
  3 frilled lizards
  5 rats
32 creatures vanquished.

Notes
Turn   | Place    | Note
-------+----------+-------------------------------------------
     0 | D:1      | lonewolfV2 the Formicid Fighter began the quest for the
                  | Orb.
     0 | D:1      | Reached XP level 1. HP: 18/18 MP: 1/1
    17 | D:1      | Reached XP level 2. HP: 4/24 MP: 2/2
    17 | D:1      | HP: 1/24 [hobgoblin (4)]
   289 | D:1      | Reached XP level 3. HP: 20/30 MP: 3/3
   781 | D:2      | Reached XP level 4. HP: 18/38 MP: 4/4
   785 | D:2      | Slain by a gnoll

Illustrated notes

Levels and vault maps discovered:
D:1:      lightli_iron_boxes, layout_basic
D:2:      layout_basic, basic_altar, minmay_cupped, uniq_natasha

Skill      XL: |  1  2  3 |
---------------+----------+-----
Fighting       | 4 |  4.4
Axes           | 3 |  3.3
Armour         | |  3.2
Shields        | |  4.0

Action                     |  1- 3 |  4- 6 || total
---------------------------+-------+-------++-------
  Melee: War axe           |    62 |     5 ||    67
    Use: Scroll            |     3 |       ||     3
 Armour: Scale mail        |    31 |     3 ||    34
  Dodge: Dodged            |    46 |     3 ||    49
  Block: Buckler           |    37 |     1 ||    38
